AoeStats
← Dragon

Arena

509221904Analyzed
3v3 RM · 6d ago on Sep 26, 2026· 27m 56s· 6 players
Game mode
Random Map
Map size
Normal (6 player)
Population
200
Speed
Normal
Resources
Standard
Victory
Conquest
Starting age
Dark Age
Ending age
Imperial Age
RankedLock teamsTeams togetherTeam positionsShared explorationLock speedFull tech treeHidden civsTurbo modeCheats
Victory
Defeat
🇩🇪 Malay · Germany
1290
+15
🇩🇪 Varangians · Germany
1282
+15
🇩🇪 Portuguese · Germany
1258
+16
🇩🇪 Malay · Germany
1376
-19
🇦🇷 Khmer · Argentina
1254
-15
🇯🇵 Japanese · Japan
1176
-12
GuilleGodoy95
11:35 Feudal Age
12:26 Loom
15:58 Castle Age
15:14 Double-Bit Axe
16:05 Horse Collar
17:11 Husbandry
23:11 Scale Barding Armor
25:05 Forging
mad Iltis
10:38 Feudal Age
14:11 Castle Age
12:44 Double-Bit Axe
15:36 Horse Collar
21:57 Wheelbarrow
21:08 Town Watch
23:46 Bow Saw
25:38 Sanctity
25:53 Fletching
25:48 Pikeman
26:28 Squires
29:19 Imperial Age
26:35 Loom
KJI
10:09 Feudal Age
10:21 Loom
13:55 Castle Age
13:21 Stone Mining
17:47 Horse Collar
19:07 Double-Bit Axe
22:21 Scale Mail Armor
23:11 Gold Mining
24:39 Bow Saw
24:39 Heavy Plow
26:57 Wheelbarrow
siggi-lok
11:52 Feudal Age
15:29 Castle Age
13:46 Horse Collar
Dragon
10:59 Feudal Age
16:48 Castle Age
17:48 Double-Bit Axe
25:10 Bow Saw
25:38 Forging
26:01 Squires
25:47 Arson
Who am I
7:16 Loom
11:03 Feudal Age
12:28 Double-Bit Axe
12:29 Horse Collar
14:57 Castle Age
17:11 Wheelbarrow
16:49 Bloodlines
20:07 Bow Saw
22:36 Forging
22:34 Scale Barding Armor
22:42 Heavy Plow
26:12 Hand Cart
Connection lost

Rejoining the realm…

Still unreachable

The connection could not be restored.

Session expired

The server has moved on; the page needs a fresh start.